 Dungeon Crawl Stone Soup version 0.27.1-33-g824d729ab1 (webtiles) character file.

Game seed: 4208003057269153222

1030 belegose the Skirmisher (level 8, -7/69 HPs)
             Began as a Purple Draconian Chaos Knight on Dec 9, 2021.
             Was a Plaything of Xom.
             Killed from afar by a swamp worm (23 damage)
             ... with a harpoon shot
             ... on level 6 of the Dungeon.
             The game lasted 00:13:27 (6129 turns).

belegose the Skirmisher (DrCK)                      Turns: 6129, Time: 00:13:27

Health: -7/69      AC: 12    Str: 15    XL:     8   Next: 3%
Magic:  8/8        EV: 13    Int: 15    God:    Xom [....*.]
Gold:   218        SH:  0    Dex: 10    Spells: 5/7 levels left

rFire    . . .     SeeInvis .   b - +1 short sword (speed)
rCold    . . .     Faith    .   (no shield)
rNeg     . . .     Spirit   .   (armour unavailable)
rPois    .         Reflect  .   (helmet restricted)
rElec    .         Harm     .   p - +0 cloak
rCorr    .         Rampage  .   d - +0 pair of gloves
Will     +....                  (no boots)
Stlth    ++........             (no amulet)
HPRegen  0.21/turn              H - +4 ring of protection
MPRegen  0.11/turn              y - +4 ring of slaying

@: unable to read
A: breathe power, AC +6, unfitting armour, cold-blooded, inability to read while
threatened
a: Breathe Dispelling Energy, Renounce Religion


You were on level 6 of the Dungeon.
You worshipped Xom.
You were a beloved toy of Xom.
You visited 2 branches of the dungeon, and saw 7 of its levels.

You collected 218 gold pieces.

Inventory:

Hand Weapons
 a - a +0 falchion of chaos
 b - a +1 short sword of speed (weapon)
 e - a +1 short sword of holy wrath
 v - a +4 flail of protection
Missiles
 c - 208 stones (quivered)
 B - 12 poisoned darts
 C - 8 javelins
Armour
 d - a +0 pair of gloves (worn)
 p - a +0 cloak (worn)
 x - a scarf of shadows
Jewellery
 f - a +4 ring of evasion
 y - a +4 ring of slaying (right hand)
 H - a +4 ring of protection (left hand)
Wands
 o - a wand of charming (8)
 q - a wand of iceblast (11)
 G - a wand of flame (12)
Scrolls
 h - a scroll of blinking {unknown}
 j - 2 scrolls of brand weapon {unknown}
 k - a scroll of enchant armour {unknown}
 m - 5 scrolls of teleportation {unknown}
 r - 7 scrolls of identify {unknown}
 s - 2 scrolls of immolation {unknown}
 u - a scroll of acquirement {unknown}
 w - a scroll of silence {unknown}
 F - a scroll of fear {unknown}
 I - a scroll of noise {unknown}
Potions
 g - a potion of cancellation {unknown}
 i - 2 potions of mutation {unknown}
 l - 2 potions of degeneration {unknown}
 n - a potion of might {unknown}
 t - a potion of magic {unknown}
 z - 3 potions of curing {unknown}
 A - a potion of invisibility {unknown}
 D - a potion of flight {unknown}
 E - a potion of lignification {unknown}


   Skills:
 + Level 5.6 Fighting
 + Level 2.1(3.6) Short Blades
 - Level 4.4(4.7) Long Blades
 + Level 1.8 Throwing
 + Level 4.3 Dodging
 + Level 3.9 Stealth
 + Level 3.2 Evocations


You had 5 spell levels left.
You knew the following spells:

 Your Spells              Type           Power      Damage    Failure   Level
a - Blink                 Tloc           N/A        N/A       38%         2

Your spell library contained the following spells:

 Spells                   Type           Power      Damage    Failure   Level
 Ignite Poison            Fire/Tmut/Pois 0%         N/A       63%         3
 Lesser Beckoning         Tloc           0%         N/A       63%         3
 Mephitic Cloud           Conj/Pois/Air  0%         N/A       63%         3
 Stone Arrow              Conj/Erth      0%         3d7       63%         3
 Bolt of Magma            Conj/Fire/Erth 0%         4d4       100%        5
 Manifold Assault         Tloc           0%         N/A       100%        5
 Shatter                  Erth           0%         3d5*      100%        9


Dungeon Overview and Level Annotations

Branches:
Dungeon (6/15)             Temple (1/1) D:5

Altars:
Makhleb
Okawaru
Ru
Wu Jian

Shops:
D:2 !   D:3 [(   D:6 *


Innate Abilities, Weirdness & Mutations

You can breathe bolts of dispelling energy.
Your rich purple scales are hard. (AC +6)
You cannot fit into any form of body armour.
You are cold-blooded and may be slowed by cold attacks.
You sometimes lose the ability to read scrolls when taking damage.


Message History

The two-headed ogre closely misses you.
The two-headed ogre hits you with a +0 giant club!!
You feel threatened and lose the ability to read scrolls!
You hit the two-headed ogre but do no damage.
You tail-slap the two-headed ogre.
The two-headed ogre is heavily wounded.
You hit the two-headed ogre.
The two-headed ogre is heavily wounded.
The two-headed ogre hits you with a +0 giant club! x2
* * * LOW HITPOINT WARNING * * *
There is an open door here.
There is an open door here.
You barely miss the two-headed ogre.
The two-headed ogre is heavily wounded. "Serve the mortal, my children!"
The two-headed ogre barely misses your ufetubus.
The two-headed ogre hits your ufetubus with a +0 giant club!
Your ufetubus dies!
Your ufetubus degenerates into a cloud of primal chaos!
Your quasit bites the two-headed ogre.
Your quasit barely misses the two-headed ogre.
Your quasit claws the two-headed ogre but does no damage.
The two-headed ogre closely misses you.
The two-headed ogre hits you with a +0 giant club.
* * * LOW HITPOINT WARNING * * *
Your quasit bites the two-headed ogre.
Your quasit claws the two-headed ogre.
Your quasit barely misses the two-headed ogre.
The two-headed ogre hits your quasit with a +0 giant club!!
Your quasit dies!
Your quasit disappears in a puff of smoke!
Your shadow imp hits the two-headed ogre but does no damage.
There is an open door here.
Your shadow imp hits the two-headed ogre but does no damage.
You hear Xom's avuncular chuckle.
The two-headed ogre evaporates and reforms as a swamp worm!
Your shadow imp closely misses the swamp worm.
The swamp worm fires a harpoon shot at you.
The harpoon shot hits you!!
You die...
Xom thinks this is hilarious!

#########..'..+.
##...#####......
#..8#..#8..#......##...#..
#.####+###.#......####.###
#'#(!!)($# #..#######..###
#.####### #..#...##...#.#
#..8#..# #..'.[.#.......
##.O)5.+ ##..#...#.#.....
####.8####...##########..
#'##.@..#......# #..
#.w..#####...... ##.
###### #####. .. .# .# #


You could see a swamp worm.

Vanquished Creatures
  An ice beast (D:6)
  2 ogres
  A phantom (D:6)
  Blork the orc (D:4)
  A scorpion (D:5)
  A water moccasin zombie (D:5)
  A wyvern skeleton (D:6)
  A bullfrog zombie (D:6)
  2 orc priests
  A jelly (D:5)
  3 hounds (D:6)
  2 bullfrog skeletons
  A hound skeleton (D:4)
  8 adders
  3 worms
  3 dart slugs
  11 orcs
  8 bats
  3 endoplasms
  6 giant cockroaches
  11 goblins
  3 hobgoblins
  13 jackals
  7 quokkas
  10 ball pythons
  A frilled lizard (D:2)
  A goblin zombie (D:4)
  8 kobolds
  4 rats
  A rat zombie (D:4)
119 creatures vanquished.

Vanquished Creatures (others)
  A dart slug (D:5)
1 creature vanquished.

Grand Total: 120 creatures vanquished

Notes
Turn   | Place    | Note
-------+----------+-------------------------------------------
     0 | D:1      | belegose the Draconian Chaos Knight began the quest for the
                  | Orb.
     0 | D:1      | Reached XP level 1. HP: 19/19 MP: 1/1
    90 | D:1      | XOM: potion effect (invisibility)
   157 | D:1      | Reached XP level 2. HP: 13/26 MP: 2/2
   685 | D:1      | Found a faded altar of an unknown god.
   685 | D:1      | XOM: divination: magic mapping
   789 | D:1      | XOM: silly message
  1072 | D:2      | Reached skill level 1 in Stealth
  1095 | D:2      | Reached XP level 3. HP: 30/33 MP: 3/3
  1109 | D:2      | XOM: silly message
  1337 | D:2      | Found Oclum's Distillery.
  1667 | D:2      | Reached XP level 4. HP: 40/40 MP: 4/4
  1721 | D:2      | Reached skill level 4 in Fighting
  1977 | D:2      | XOM: cast spell 'Olgreb's Toxic Radiance'
  2218 | D:3      | Found Waomnud's Armour Shoppe.
  2256 | D:2      | XOM: summons 3 hostile demons
  2479 | D:3      | Found Hyntu's Weapon Boutique.
  2504 | D:3      | XOM: noise
  2505 | D:3      | Found an ornate altar of the Wu Jian Council.
  2538 | D:3      | XOM: potion effect (brilliance)
  2544 | D:3      | XOM: enchant monster (bad)
  2551 | D:3      | Reached XP level 5. HP: 28/46 MP: 5/5
  2560 | D:3      | XOM: silly message
  2691 | D:3      | XOM is BORED!
  2691 | D:3      | XOM: give mutation
  2691 | D:3      | Gained mutation: You sometimes lose the ability to read
                  | scrolls when taking damage. [Xom's mischief]
  3358 | D:4      | Learned a level 2 spell: Blink
  3554 | D:4      | XOM: 5-stop teleportation journey
  3582 | D:4      | XOM: draining
  3764 | D:4      | Noticed Blork the orc
  3768 | D:4      | Killed Blork the orc
  3769 | D:4      | Reached skill level 1 in Evocations
  3769 | D:4      | Reached XP level 6. HP: 47/52 MP: 6/6
  3888 | D:4      | XOM: noise
  4078 | D:4      | XOM: summons 1 hostile shadow creature
  4381 | D:5      | Entered Level 5 of the Dungeon
  4499 | D:5      | XOM: swap monsters
  4573 | D:5      | XOM: polymorph jackal -> goblin
  4579 | D:5      | XOM: enchant monster (bad)
  4920 | D:5      | Reached skill level 5 in Fighting
  5003 | D:5      | Your scales start taking on a rich purple colour.
  5003 | D:5      | Reached XP level 7. HP: 48/61 MP: 7/7
  5088 | D:5      | Found a staircase to the Ecumenical Temple.
  5362 | Temple   | Entered the Ecumenical Temple
  5475 | D:6      | XOM: summons 2 hostile shadow creatures
  5483 | D:6      | Reached skill level 1 in Short Blades
  5509 | D:6      | XOM: stat loss: -1 Dex (9/10)
  5566 | D:6      | Found Lioluv's CLEARANCE SALE! EVERYTHING MUST GO!.
  5578 | D:6      | Reached skill level 1 in Throwing
  5665 | D:6      | XOM: silly message
  5849 | D:6      | XOM: 3-stop teleportation journey
  5872 | D:6      | XOM: silly message
  5982 | D:6      | XOM: god gift: scroll labelled CAZIABLELO {god gift}
  6045 | D:6      | Reached XP level 8. HP: 57/69 MP: 8/8
  6104 | D:6      | Noticed a two-headed ogre
  6106 | D:6      | Noticed a two-headed ogre
  6121 | D:6      | XOM: summons 3 friendly demons
  6126 | D:6      | a two-headed ogre changed into a swamp worm
  6126 | D:6      | XOM: polymorph two-headed ogre -> swamp worm
  6129 | D:6      | Killed from afar by a swamp worm

Illustrated notes

Levels and vault maps discovered:
D:1:      dpeg_arrival_central, layout_basic, hellmonk_ecumenical_altar_lost_god
D:2:      layout_basic, serial_shops, nicolae_shop_crystal, grunt_ministairs_14,
          minmay_tetromino_s2
D:3:      minmay_evil_eye, layout_basic,
          mainiacjoe_overflow_concentric_impassable, serial_shops,
          nicolae_shop_competitors_out_of_business, nicolae_shop_stone,
          hex_large
D:4:      layout_loops_corners, enter_ossuary_4, uniq_blork_the_orc
D:5:      layout_basic, lemuel_temple_firewalk_b, chequers_avenue
D:6:      minmay_chambers_of_sixes, layout_cave_pools, minmay_misc_feat_roman,
          eino_tiny_chamber, minmay_misc_feat_secret_circle,
          nicolae_shop_clearance
Temple:   compressed_dpeg_circular_temple

Skill      XL: |  1  2  3  4  5  6  7 |
---------------+----------------------+-----
Stealth        | 1 2 3 |  3.9
Fighting       | 4 5 |  5.6
Dodging        | 3 4 |  4.3
Long Blades    | 4 |  4.4
Evocations     | 1 2 3 |  3.2
Short Blades   | 2 |  2.1
Throwing       | 1 |  1.8

Action                   |  1- 3 |  4- 6 |  7- 9 || total
-------------------------+-------+-------+-------++-------
Melee: Falchion          |    22 |       |       ||    22
       Tailslap          |     6 |    32 |    12 ||    50
       Short sword       |   114 |   356 |   101 ||   571
 Abil: Breathe Dispellin |       |       |     1 ||     1
Evoke: Wand              |       |     4 |       ||     4
 Stab: Sleeping          |     3 |     4 |     3 ||    10
       Confused          |       |     1 |       ||     1
Armor: Skin              |    30 |    43 |    27 ||   100
Dodge: Dodged            |    78 |   202 |    58 ||   338
       Rpst.: Falchion   |     3 |       |       ||     3
